 Dungeon Crawl Stone Soup version bcrawl-1.26.1 (webtiles) character file.

Game seed: 8119435164838343060

182102 Goodini51 the Firebug (level 6, -4/33 HPs)
             Began as an Avariel Fire Elementalist on July 12, 2020.
             Shot with an arrow by a centaur (8 damage)
             ... on level 4 of the Dungeon.
             The game lasted 00:11:53 (2812 turns).

Goodini51 the Firebug (Avariel Fire Elementalist)   Turns: 2812, Time: 00:11:54

Health: -4/33      AC:  3    Str:  6    XL:     6   Next: 36%
Magic:  13/15      EV: 13    Int: 23    God:
Gold:   139        SH:  0    Dex: 19    Spells: 4/14 levels left

rFire    . . .     SeeInvis .   d - +0 hunting sling (freeze)
rCold    . . .     Gourm    .   (no shield)
rNeg     . . .     Faith    .   a - +0 robe
rPois    .         Spirit   .   r - +0 helmet
rElec    .         Reflect  .   (no cloak)
rCorr    .         Harm     .   (no gloves)
MR       .....                  (no boots)
Stlth    ++........             (no amulet)
HPRegen  0.11/turn              u - +6 ring of dexterity
MPRegen  0.14/turn              (no ring)

@: no status effects
A: no striking features
a: no special abilities


You were on level 4 of the Dungeon.
You were not hungry.

You visited 1 branch of the dungeon, and saw 4 of its levels.

You collected 139 gold pieces.

Inventory:

Hand Weapons
 d - a +0 hunting sling of freezing (weapon)
 g - a +0 dagger of speed
Missiles
 c - 656 stones (quivered)
Armour
 a - a +0 robe (worn)
 r - a +0 helmet (worn)
Jewellery
 u - a +6 ring of dexterity (left hand)
Scrolls
 m - a scroll of immolation {unknown}
 n - a scroll of fear {unknown}
 q - a scroll of magic mapping {unknown}
 s - a scroll of enchant armour {unknown}
 t - a scroll of remove curse {unknown}
Potions
 b - a potion of degeneration {unknown}
 f - 2 potions of might {unknown}
 i - 2 potions of ambrosia {unknown}
 j - a potion of berserk rage {unknown}
 k - a potion of brilliance {unknown}
 l - a potion of cancellation {unknown}
 o - a potion of mutation {unknown}
 p - 3 potions of haste {unknown}
Comestibles
 e - 8 rations {!d}


   Skills:
 + Level 0.6 Fighting
 + Level 1.9 Slings
 + Level 2.4 Dodging
 + Level 2.3 Stealth
 * Level 4.7 Spellcasting
 * Level 3.2 Conjurations
 + Level 0.7 Charms
 * Level 5.0 Fire Magic


You had 4 spell levels left.
You knew the following spells:

 Your Spells              Type           Power        Failure   Level  Hunger
a - Flame Tongue          Conj/Fire      ###..        1%          1    None
b - Flaming Arrows        Chrm/Fire      ###.....     4%          2    None
c - Conjure Flame         Conj/Fire      ###.....     5%          3    ##.....
d - Sticky Flame          Conj/Fire      ###.....     17%         4    ####...

Your spell library contained the following spells:

 Spells                   Type           Power        Failure   Level  Hunger
 Inner Flame              Hex/Fire       N/A          11%         3    ##.....
 Fireball                 Conj/Fire      ###.......   43%         5    #####..


Dungeon Overview and Level Annotations

Branches:
Dungeon (4/12)
 Temple: D:4-7

Altars:
Elyvilon
Nemelex Xobeh


Message History

Confirm with . or Enter, or press ? or * to list all spells.
Aiming: Flame Tongue (safe; 1% risk of failure)
Press: ? - help, Shift-Dir - straight line, f - centaur
Aim: a centaur, wielding a +0 shortbow and quivering 115 arrows The flame tongue hits the centaur.
The centaur is lightly wounded.
The centaur shoots an arrow.
The arrow completely misses you.
The centaur shoots an arrow.
The arrow hits you!
Casting: Flame Tongue (safe; 1% risk of failure)
Confirm with . or Enter, or press ? or * to list all spells.
Aiming: Flame Tongue (safe; 1% risk of failure)
Press: ? - help, Shift-Dir - straight line, f/p - centaur
Aim: a centaur, wielding a +0 shortbow and quivering 113 arrows (lightly wounded)
The flame tongue misses the centaur.
The centaur shoots an arrow.
The arrow closely misses you.
A sky beast comes into view.
The centaur shoots an arrow.
The arrow hits you!
* * * LOW HITPOINT WARNING * * *
The centaur shoots an arrow.
The arrow hits you!
You die...

#......... ###......
##.......# #........ .
#........#####....#...
..##......##.......###..
.........###......# #..
.........###......###..
.###.........<....###.
#...####.........##.
##.@#..##...#..>....
#......##.##...##.#
#.........##..#####
#.............# #
#.c..............
.............<... ..
#.###..........>.
#...........#
##Y......####


You could see a centaur.

Vanquished Creatures
  A bullfrog (D:3)
  A scorpion (D:4)
  A hound (D:4)
  A centaur skeleton (D:4)
  3 adders (D:3)
  2 oozes (D:3)
  2 worms
  2 dart slugs (D:2)
  3 leopard geckos
  6 orcs (D:3)
  4 giant cockroaches (D:3)
  8 goblins
  9 hobgoblins
  2 jackals
  2 quokkas
  4 bats
  3 frilled lizards
  12 kobolds
  4 rats
70 creatures vanquished.

Notes
Turn   | Place    | Note
-------+----------+-------------------------------------------
     0 | D:1      | Goodini51 the Avariel Fire Elementalist began the quest for
                  | the Orb.
     0 | D:1      | Reached XP level 1. HP: 10/10 MP: 6/6
   152 | D:1      | Reached XP level 2. HP: 15/15 MP: 3/7
   197 | D:1      | Learned a level 2 spell: Flaming Arrows
   628 | D:1      | Reached XP level 3. HP: 19/19 MP: 6/9
   633 | D:1      | Learned a level 3 spell: Conjure Flame
   856 | D:2      | Reached skill level 4 in Fire Magic
  1583 | D:3      | Reached XP level 4. HP: 23/24 MP: 4/11
  1589 | D:3      | Learned a level 4 spell: Sticky Flame
  1670 | D:3      | Found a white marble altar of Elyvilon.
  2161 | D:3      | Noticed a bullfrog
  2166 | D:3      | Killed a bullfrog
  2166 | D:3      | Reached skill level 1 in Slings
  2166 | D:3      | Reached XP level 5. HP: 25/28 MP: 6/13
  2507 | D:3      | Found a sparkling altar of Nemelex Xobeh.
  2620 | D:4      | Reached XP level 6. HP: 30/33 MP: 4/14
  2685 | D:4      | Reached skill level 5 in Fire Magic
  2810 | D:4      | Noticed a sky beast
  2812 | D:4      | Shot with an arrow by a centaur

Skill      XL: |  1  2  3  4  5  6 |
---------------+-------------------+-----
Spellcasting   | 3 4 |  4.7
Fire Magic     | 4 5 |  5.0
Conjurations   | 2 3 |  3.2
Slings         | 1 |  1.9
Fighting       | |  0.6
Dodging        | |  2.4
Stealth        | |  2.3
Charms         | |  0.7

Action                   |  1- 3 |  4- 6 || total
-------------------------+-------+-------++-------
Melee: Dagger            |    14 |       ||    14
 Fire: Hunting sling     |    21 |    47 ||    68
 Cast: Flame Tongue      |    45 |    41 ||    86
       Flaming Arrows    |    11 |     6 ||    17
       Conjure Flame     |       |     1 ||     1
  Use: Scroll            |       |     1 ||     1
  Eat: Chunk             |     2 |     4 ||     6
Armor: Robe              |     5 |     1 ||     6
Dodge: Dodged            |    12 |    20 ||    32
